 Dungeon Crawl Stone Soup version 0.28.0-45-g0d030f2227 (webtiles) character file.

Game seed: 10876991130977222290

3302 Ablot the Slicer (level 10, -1/80 HPs)
             Began as a Gnoll Chaos Knight on Apr 20, 2022.
             Was a Plaything of Xom.
             Slain by a vampire mosquito (9 damage)
             ... on level 7 of the Dungeon.
             The game lasted 00:11:39 (7453 turns).

Ablot the Slicer (Gnoll Chaos Knight)               Turns: 7453, Time: 00:11:39

Health: -1/80      AC: 11    Str: 14    XL:     10   Next: 1%
Magic:  17/17      EV: 12    Int: 20    God:    Xom [...*..]
Gold:   271        SH:  0    Dex: 12    Spells: 14/18 levels left

rFire   . . .      SeeInvis .   a - +0 short sword (chaos)
rCold   + + +      Faith    .   (no shield)
rNeg    . . .      Spirit   .   q - +4 ring mail "Xuipto Pybir" {*Slow Int+7}
rPois   .          Reflect  .   w - +0 hat {Stlth+}
rElec   .          Harm     .   u - +0 cloak
rCorr   .          Rampage  .   (no gloves)
Will    .....                   (no boots)
Stlth   +++.......              A - amulet "Pismafywyl" {Drain Fly rF- rC+++ Regen+}
HPRegen 1.03/turn               e - ring of protection from fire
MPRegen 0.15/turn               (no ring)

@: flying
A: fangs 1, strong nose, distributed training
a: Renounce Religion


You were on level 7 of the Dungeon.
You worshipped Xom.
You were a favourite toy of Xom.
You visited 1 branch of the dungeon, and saw 7 of its levels.

You collected 271 gold pieces.

Inventory:

Hand Weapons
 a - a +0 short sword of chaos (weapon)
 t - a +2 quarterstaff of chaos
 F - a +0 broad axe of flaming
Missiles
 c - 77 bolts
 f - 166 arrows
 k - 191 stones
 p - 19 poisoned darts (quivered)
 H - a curare-tipped dart
 M - 21 sling bullets
Armour
 q - the +4 ring mail "Xuipto Pybir" (worn) {*Slow Int+7}
   (You found it on level 3 of the Dungeon)

   Int:       It affects your intelligence (+7).
   *Slow:     It may slow you when you take damage.
 u - a +0 cloak (worn)
 w - a +0 hat of stealth (worn)
 y - a +0 robe of the Archmagi
 G - +0 acid dragon scales
 P - a +2 ring mail of fire resistance
Magical Staves
 B - a staff of conjuration
Jewellery
 e - a ring of protection from fire (left hand)
 A - the amulet "Pismafywyl" (around neck) {Drain Fly rF- rC+++ Regen+}
   (You found it on level 5 of the Dungeon)

   [amulet of regeneration]

   rF:        It makes you vulnerable to fire.
   rC:        It renders you almost immune to cold.
   Fly:       It grants you flight.
   Regen:     It increases your rate of health regeneration.
   Drain:     It drains your maximum health when unequipped.
 I - a ring of wizardry
 K - an amulet of guardian spirit
 N - a ring of fire
Wands
 x - a wand of flame (9)
 E - a wand of charming (9)
 O - a wand of acid (3)
Scrolls
 b - a scroll of vulnerability {unknown}
 i - 4 scrolls of teleportation
 j - a scroll of fog {unknown}
 m - a scroll of enchant armour {unknown}
 n - 2 scrolls of enchant weapon {unknown}
 r - a scroll of noise {unknown}
 s - a scroll of immolation {unknown}
 z - a scroll of holy word {unknown}
 D - a scroll of amnesia {unknown}
 L - a scroll of blinking {unknown}
Potions
 d - a potion of haste {unknown}
 h - 3 potions of brilliance {unknown}
 l - a potion of magic {unknown}
 v - a potion of curing {unknown}
 C - a potion of resistance {unknown}
Miscellaneous
 J - a phial of floods


   Skills:
 + Level 8.2 Fighting
 + Level 8.2 Short Blades
 + Level 4.8 Long Blades
 + Level 4.8 Axes
 + Level 4.8 Maces & Flails
 + Level 4.8 Polearms
 + Level 4.8 Staves
 + Level 4.8 Slings
 + Level 4.8 Bows
 + Level 4.8 Crossbows
 + Level 4.8 Throwing
 + Level 6.7 Armour
 + Level 5.5 Dodging
 + Level 4.8 Stealth
 + Level 4.8 Shields
 + Level 4.8 Unarmed Combat
 + Level 4.8 Spellcasting
 + Level 4.0 Conjurations
 + Level 4.0 Hexes
 + Level 4.0 Summonings
 + Level 4.0 Necromancy
 + Level 4.0 Translocations
 + Level 4.0 Transmutations
 + Level 4.0 Fire Magic
 + Level 4.0 Ice Magic
 + Level 4.0 Air Magic
 + Level 4.0 Earth Magic
 + Level 4.0 Poison Magic
 + Level 5.3 Invocations
 + Level 4.8 Evocations


You had 14 spell levels left.
You knew the following spells:

 Your Spells              Type           Power      Damage    Failure   Level
a - Slow                  Hex            80%        N/A       4%          1
b - Confusing Touch       Hex            20%        N/A       13%         3

Your spell library contained the following spells:

 Spells                   Type           Power      Damage    Failure   Level
 Vampiric Draining        Necr           20%        2d7       13%         3


Dungeon Overview and Level Annotations

Branches:
Dungeon (7/15)             Temple (0/1) D:5

Altars:
Gozag
Kikubaaqudgha
Makhleb
Qazlal
Sif Muna
Xom

Annotations:
D:7 2 runed translucent doors


Innate Abilities, Weirdness & Mutations

You have very sharp teeth.
Your uncanny sense of smell can sniff out nearby items.
Your experience applies equally to all skills.


Message History

You swap places with the purple ugly thing.
The purple ugly thing looks rather more confused.
Something bites you.
Something draws strength from your injuries!
Unknown command.
You barely miss something. Something bites you!
Something draws strength from your injuries!
Something bites you.
Something draws strength from your injuries!
You closely miss something. Your bite misses something.
Something bites you but does no damage.
The purple ugly thing barely misses something.
Something bites you.
Something draws strength from your injuries!
Something bites you.
Something draws strength from your injuries!
Something bites you.
* * * LOW HITPOINT WARNING * * *
Something draws strength from your injuries!
The purple ugly thing punches you but does no damage.
You hit the purple ugly thing but do no damage.
The purple ugly thing is lightly wounded.
Something bites you!
* * * LOW HITPOINT WARNING * * *
Something draws strength from your injuries!
Something bites you.
* * * LOW HITPOINT WARNING * * *
Something draws strength from your injuries!
The purple ugly thing punches itself!
Something bites you but does no damage. x2
You feel much better. Something barely misses you. Something bites you!
Something draws strength from your injuries!
The purple ugly thing punches you!
* * * LOW HITPOINT WARNING * * *
Something bites you!
* * * LOW HITPOINT WARNING * * *
Something draws strength from your injuries!
Something completely misses you. Something bites you!
You die...
Xom howls with laughter!

###.### #.##8..8#####.##.#.##
...)..# #.#8...)8# #..#.##...
#####.# #.#)....(# ######.... #.#
#.#(....)# ######..#. #.#
#.#8....8# #....##.#. #.####
#.##8..8#######..#... ##
#....####..##''##.'.#.##.#... .##
#..#.)[...u.......#..#.#.#.#.
..###....#####..@##.#.#.####_#)).
...##.#.## #.###.....##....##)).
......#.# ##.#.####..######....
....###.# ##.## ##........###
....# #.## ### ###..###.# ....#
#..# #..# #.# ...## ##.# ##.# #.#
#### #.# #.# #.### .#
#.########### #.# #....


You could see a purple ugly thing (confused).

Vanquished Creatures
  A centaur zombie (D:7)
  Maggie (D:7)
  A wraith (D:7)
  A water moccasin (D:7)
  An ice beast (D:7)
  2 black bears
  A sky beast (D:6)
  2 necrophages (D:4)
  An ogre (D:5)
  3 centaurs (D:7)
  2 kobold brigands (D:7)
  Blork the orc (D:4)
  A bullfrog (D:7)
  3 scorpions
  2 wyvern zombies
  A wight (D:7)
  2 howler monkeys
  2 jellies
  Crazy Yiuf (D:3)
  3 hounds (D:5)
  2 orc priests
  A bullfrog skeleton (D:7)
  A centaur skeleton (D:7)
  3 iron imps (D:5)
  An iguana (D:7)
  Natasha (thrice) (D:4)
  4 orc wizards
  A hound skeleton (D:4)
  A howler monkey skeleton (D:7)
  9 adders
  2 shadow imps
  An adder skeleton (D:4)
  A dart slug (D:3)
  15 orcs
  4 endoplasms
  3 giant cockroaches
  2 goblins (D:3)
  2 hobgoblins
  3 jackals (D:2)
  16 kobolds
  3 quokkas
  8 ball pythons
  3 bats
  2 frilled lizards
  5 rats
128 creatures vanquished.

Vanquished Creatures (collateral kills)
  Menkaure (D:4)
  An adder skeleton (D:4)
  2 goblins (D:2)
4 creatures vanquished.

Vanquished Creatures (others)
  3 fungi (D:3)
  4 plants (D:2)
7 creatures vanquished.

Grand Total: 139 creatures vanquished

Notes
Turn   | Place    | Note
-------+----------+-------------------------------------------
     0 | D:1      | Ablot the Gnoll Chaos Knight began the quest for the Orb.
     0 | D:1      | Reached XP level 1. HP: 23/23 MP: 1/1
   150 | D:1      | Reached XP level 2. HP: 24/29 MP: 2/2
   158 | D:1      | XOM: silly message
   291 | D:1      | XOM: silly message
   489 | D:1      | XOM: silly message
   899 | D:2      | XOM: scenery: summon butterflies
   907 | D:2      | XOM: cast spell 'Summon Mana Viper'
  1069 | D:2      | Reached XP level 3. HP: 35/35 MP: 3/3
  1287 | D:2      | Reached skill level 1 in Invocations
  1433 | D:2      | XOM: god gift: 19 stones
  1674 | D:3      | Found a faded altar of an unknown god.
  1855 | D:3      | Reached skill level 1 in Long Blades
  1855 | D:3      | Reached skill level 1 in Axes
  1855 | D:3      | Reached skill level 1 in Maces & Flails
  1855 | D:3      | Reached skill level 1 in Polearms
  1855 | D:3      | Reached skill level 1 in Staves
  1855 | D:3      | Reached skill level 1 in Slings
  1855 | D:3      | Reached skill level 1 in Bows
  1855 | D:3      | Reached skill level 1 in Crossbows
  1855 | D:3      | Reached skill level 1 in Throwing
  1855 | D:3      | Reached skill level 1 in Stealth
  1855 | D:3      | Reached skill level 1 in Shields
  1855 | D:3      | Reached skill level 1 in Unarmed Combat
  1855 | D:3      | Reached skill level 1 in Spellcasting
  1855 | D:3      | Reached skill level 1 in Evocations
  1893 | D:3      | Reached XP level 4. HP: 40/41 MP: 5/5
  1942 | D:3      | Identified the +4 ring mail "Xuipto Pybir" {*Slow Int+7}
  2100 | D:3      | Found a runed translucent door.
  2101 | D:3      | Noticed Crazy Yiuf
  2107 | D:3      | XOM: smoke on damage
  2115 | D:3      | Killed Crazy Yiuf
  2116 | D:3      | Reached skill level 1 in Conjurations
  2116 | D:3      | Reached skill level 1 in Hexes
  2116 | D:3      | Reached skill level 1 in Summonings
  2116 | D:3      | Reached skill level 1 in Necromancy
  2116 | D:3      | Reached skill level 1 in Translocations
  2116 | D:3      | Reached skill level 1 in Transmutations
  2116 | D:3      | Reached skill level 1 in Fire Magic
  2116 | D:3      | Reached skill level 1 in Ice Magic
  2116 | D:3      | Reached skill level 1 in Air Magic
  2116 | D:3      | Reached skill level 1 in Earth Magic
  2116 | D:3      | Reached skill level 1 in Poison Magic
  2483 | D:4      | Reached XP level 5. HP: 16/47 MP: 5/7
  2527 | D:4      | Found a shimmering altar of Xom.
  2531 | D:4      | Found a shimmering altar of Xom.
  2533 | D:4      | Found a shimmering altar of Xom.
  2712 | D:4      | XOM: cloud trail
  2719 | D:4      | XOM: 1-stop teleportation journey
  2746 | D:4      | Noticed a necrophage
  2754 | D:4      | XOM: 1-stop teleportation journey
  2845 | D:4      | Found a shimmering altar of Xom.
  2846 | D:4      | Found a shimmering altar of Xom.
  2855 | D:4      | Killed a necrophage
  2856 | D:4      | Reached XP level 6. HP: 48/53 MP: 8/8
  2906 | D:4      | Reached skill level 5 in Armour
  2970 | D:4      | Found an ancient bone altar of Kikubaaqudgha.
  3024 | D:4      | Noticed Natasha
  3032 | D:4      | Killed Natasha
  3047 | D:4      | Noticed a necrophage
  3051 | D:4      | XOM: summons friendly hellwing
  3059 | D:4      | Killed a necrophage
  3060 | D:4      | Reached XP level 7. HP: 48/59 MP: 10/10
  3092 | D:4      | Found a shimmering blue altar of Sif Muna.
  3095 | D:4      | Noticed Menkaure
  3105 | D:4      | Killed Menkaure
  3439 | D:4      | XOM: stat loss: -1 Dex (11/12)
  3450 | D:4      | XOM: butterfly on damage
  3452 | D:4      | XOM: confusion (+ monsters)
  3454 | D:4      | HP: 2/60 [wyvern zombie (17)]
  3461 | D:4      | Noticed Natasha
  3463 | D:4      | XOM: god gift: +0 hat of stealth
  3472 | D:4      | Killed Natasha
  3779 | D:4      | XOM: 1-stop teleportation journey
  4030 | D:4      | Noticed Blork the orc
  4036 | D:4      | Noticed Natasha
  4039 | D:4      | Killed Blork the orc
  4046 | D:4      | Killed Natasha
  4369 | D:5      | Entered Level 5 of the Dungeon
  4378 | D:5      | Reached XP level 8. HP: 51/67 MP: 12/12
  4425 | D:5      | Found a burning altar of Makhleb.
  4425 | D:5      | XOM: 2-stop teleportation journey
  4433 | D:5      | XOM: divination: detect creatures
  4445 | D:5      | XOM: blink monster(s)
  4446 | D:5      | XOM: blink monster(s)
  4447 | D:5      | XOM: summons friendly quasit
  4816 | D:5      | XOM: butterfly on damage
  5109 | D:5      | Found a staircase to the Ecumenical Temple.
  5133 | D:5      | XOM: fog
  5141 | D:5      | Identified the amulet "Pismafywyl" {Drain Fly rF- rC+++
                  | Regen+}
  5529 | D:5      | XOM: divination: magic mapping
  5767 | D:6      | Found an opulent altar of Gozag.
  5775 | D:6      | XOM: divination: detect creatures
  5813 | D:6      | XOM: god gift: robe {god gift}
  5852 | D:6      | Found a stormy altar of Qazlal.
  5855 | D:6      | Noticed an air elemental
  5855 | D:6      | Noticed a water elemental
  6353 | D:7      | Reached XP level 9. HP: 67/72 MP: 14/14
  6380 | D:7      | Learned a level 1 spell: Slow
  6384 | D:7      | Learned a level 3 spell: Confusing Touch
  6438 | D:7      | Noticed Maggie
  6443 | D:7      | XOM: cast spell 'Alistair's Intoxication'
  6448 | D:7      | Killed Maggie
  6565 | D:7      | Found a large runed translucent door.
  6565 | D:7      | Found a large runed translucent door.
  6606 | D:7      | Reached skill level 5 in Dodging
  6611 | D:7      | XOM: noise
  6615 | D:7      | XOM: polymorph slime creature -> ice beast
  6728 | D:7      | XOM: summons 2 hostile demons
  6799 | D:7      | XOM: cloud trail
  6907 | D:7      | XOM: potion effect (haste)
  6961 | D:7      | Reached skill level 5 in Invocations
  7115 | D:7      | Found a large runed translucent door.
  7117 | D:7      | Found a large runed translucent door.
  7165 | D:7      | Noticed a purple ugly thing
  7184 | D:7      | XOM: scenery: create altars
  7294 | D:7      | XOM: enchant monster (bad)
  7303 | D:7      | Reached XP level 10. HP: 49/80 MP: 17/17
  7446 | D:7      | XOM: swap monsters
  7453 | D:7      | Slain by a vampire mosquito

Illustrated notes

Levels and vault maps discovered:
D:1:      matt_arrival_spirals, layout_basic, minivault_19,
          minmay_splitting_lines, hangedman_glass_teeth
D:2:      layout_loops_ring, serial_bayou, serial_bayou_lagoon_b,
          serial_bayou_pond_c, serial_bayou_lake_a, serial_bayou_ford_a,
          serial_bayou_pond_a
D:3:      layout_basic, serial_corexii_hall, chequers_hall_statues_y,
          corexii_hall_statues_x, nicolae_ecumenical_pavilion,
          uniq_crazy_yiuf_cottage
D:4:      layout_basic, mainiacjoe_overflow_catwalk, general_overflow_altar,
          xom_redecorated, uniq_menkaure, uniq_natasha, uniq_blork_the_orc
D:5:      layout_basic, demons_altar, minmay_temple_entry_trees
D:6:      layout_loops_ring, nicolae_qazlal_style_of_elements,
          nicolae_gozag_seed_capital
D:7:      layout_loops_ring, minmay_tree_intersection, grunt_ministairs_7,
          minmay_hollow_rounded_squares, uniq_maggie

Skill      XL: |  1  2  3  4  5  6  7  8  9 |
---------------+----------------------------+-----
Invocations    | 1 2 3 4 5 |  5.3
Long Blades    | 1 2 3 4 |  4.8
Axes           | 1 2 3 4 |  4.8
Maces & Flails | 1 2 3 4 |  4.8
Polearms       | 1 2 3 4 |  4.8
Staves         | 1 2 3 4 |  4.8
Slings         | 1 2 3 4 |  4.8
Bows           | 1 2 3 4 |  4.8
Crossbows      | 1 2 3 4 |  4.8
Throwing       | 1 2 3 4 |  4.8
Stealth        | 1 2 3 4 |  4.8
Shields        | 1 2 3 4 |  4.8
Unarmed Combat | 1 2 3 4 |  4.8
Spellcasting   | 1 2 3 4 |  4.8
Evocations     | 1 2 3 4 |  4.8
Conjurations   | 1 2 3 4 |  4.0
Hexes          | 1 2 3 4 |  4.0
Summonings     | 1 2 3 4 |  4.0
Necromancy     | 1 2 3 4 |  4.0
Translocations | 1 2 3 4 |  4.0
Transmutations | 1 2 3 4 |  4.0
Fire Magic     | 1 2 3 4 |  4.0
Ice Magic      | 1 2 3 4 |  4.0
Air Magic      | 1 2 3 4 |  4.0
Earth Magic    | 1 2 3 4 |  4.0
Poison Magic   | 1 2 3 4 |  4.0
Dodging        | 3 4 5 |  5.5
Armour         | 5 6 |  6.7
Fighting       | 7 8 |  8.2
Short Blades   | 7 8 |  8.2

Action                   |  1- 3 |  4- 6 |  7- 9 | 10-12 || total
-------------------------+-------+-------+-------+-------++-------
Melee: Short sword       |    92 |   145 |   451 |    18 ||   706
       Punch             |     3 |     5 |    23 |       ||    31
       Bite              |    10 |    20 |    69 |     1 ||   100
 Cast: Confusing Touch   |       |       |       |     1 ||     1
  Use: Potion            |       |       |     1 |     1 ||     2
       Scroll            |       |       |     1 |       ||     1
 Stab: Sleeping          |       |       |     8 |       ||     8
       Paralysed         |       |       |     3 |       ||     3
       Distracted        |       |       |     2 |       ||     2
       Confused          |       |       |     1 |       ||     1
       Petrifying        |       |       |     1 |       ||     1
Armor: Leather armour    |    29 |     1 |       |       ||    30
       Ring mail         |       |    35 |   177 |     9 ||   221
Dodge: Dodged            |    69 |    57 |   214 |     8 ||   348
